[Event "*** Titled Tuesday Blitz"]
[Site "Chess.com"]
[Date "2021.04.20"]
[Round "4"]
[White "bsnsun"]
[Black "northridgehawk"]
[Result "0-1"]
[WhiteElo "2445"]
[BlackElo "2314"]
[TimeControl "180+1"]
[EndTime "10:38:36 PDT"]
[Termination "northridgehawk won by checkmate"]

1. e4 e5 2. Nf3 Nc6 3. Bb5 a6 4. Bxc6 dxc6 5. d3 Bg4 6. h3 Bh5 7. O-O f6 8. Nbd2 c5 9. Nc4 Qd7 10. Be3 Bf7 11. b3 g5 12. g4 h5 13. Nh2 hxg4 14.
hxg4 Be6 15. f3 Qh7 16. Qe2 O-O-O 17. a3 Ne7 18. b4 Ng6 19. Rab1 cxb4 20. axb4 Rd4 21.
Rf2 Nf4 22. Bxf4 gxf4 23. Rg2 Bh6 24. b5 axb5 25. Rxb5 Bg5 26. c3 Rd7 27. Qa2 Rxd3 28. Nb6+ cxb6 29. Qxe6+ Qd7 30. Qxd7+ Kxd7 31. Rxb6 Kc7 32.
Rb3 Ra8 33. Nf1 Ra1 34. Rgb2 Rxf3 35. Rxb7+ Kc6 36. R7b6+ Kc5 37. R6b5+ Kc4 38. R5b4+ Kd3 39. Rf2 Rxf2 40. Kxf2 Rc1 41. Rb5 Rxc3 42. Rd5+ Kxe4 43.
Rd8 Rc2+ 44. Nd2+ Rxd2+ 45. Rxd2 f3 46. Rd8 Kf4 47. Rg8 e4 48. Re8 e3+ 49. Rxe3 Bh4+ 50. Kf1 Kxe3 51. g5 fxg5 52. Kg1 Ke2 53. Kh1 f2 54.
Kg2 f1=Q+ 55. Kh2 Qf4+ 56. Kg2 Qg4+ 57. Kh1 Kf2 58. Kh2 Qg2# 0-1

[Event "*** Titled Tuesday Blitz"]
[Site "Chess.com"]
[Date "2021.04.20"]
[Round "4"]
[White "buhomurciano"]
[Black "lamomiablanca"]
[Result "0-1"]
[WhiteElo "2205"]
[BlackElo "2410"]
[TimeControl "180+1"]
[EndTime "10:38:36 PDT"]
[Termination "lamomiablanca won on time"]

1. e4 c5 2. Nc3 g6 3. d4 cxd4 4. Qxd4 Nf6 5. Be3 Nc6 6. Qd2 Bg7 7. f3 O-O 8. O-O-O d6 9. h4 h5 10. Nge2 Ne5 11. Nf4 Bd7 12. Kb1 a6 13. Ncd5 Nxd5 14. Nxd5 Be6 15. Be2 Rc8 16. Bh6 Bxd5 17. exd5 Nc4 18.
Bxc4 Rxc4 19. Bxg7 Kxg7 20. g4 Rh8 21. b3 Qb6 22. Qg5 f6 23. Qc1 hxg4 24. fxg4 Rxg4 25. Rde1 Kf7 26. Qd1 Rhxh4 27. Rxh4 Rxh4 28. Qe2 Qc7 29. Qe6+ Kf8 30. Re4 Rxe4 31. Qxe4 Kg7 32. Qe6 g5 33.
Kb2 b5 34. a3 a5 35. b4 axb4 36. axb4 Kf8 37. c3 Qc4 38. Qd7 g4 39. Qe6 g3 40. Qh3 Qe2+ 41. Kb3 Qh2 42. Qc8+ Kg7 43. Qe6 g2 44. Qxe7+ Kg6 45. Qe4+ Kg5 46. Qe3+ Qf4 47. Qg1 Qg4 48. Qe3+ Kh5 0-1

[Event "*** Titled Tuesday Blitz"]
[Site "Chess.com"]
[Date "2021.04.20"]
[Round "4"]
[White "moro182"]
[Black "SHIVACalypso"]
[Result "1-0"]
[WhiteElo "2699"]
[BlackElo "2453"]
[TimeControl "180+1"]
[EndTime "10:38:37 PDT"]
[Termination "moro182 won by checkmate"]

1. d4 e6 2. c4 Nf6 3. Nc3 Bb4 4.
Nf3 O-O 5. Bg5 c5 6. Rc1 Nc6 7. e3 h6 8. Bh4 cxd4 9. Nxd4 d5 10. Be2 Be7 11. cxd5 Nxd5 12. Bxe7 Ncxe7 13. Nxd5 Nxd5 14. O-O b6 15. Nc6 Qf6 16. Qd4 Bb7 17. Qxf6 Nxf6 18. Bf3 Bxc6 19. Rxc6 Rac8 20. Rfc1 Rxc6 21. Rxc6 Rd8 22. b3 Rd2 23. a4 Rb2 24. g3 g6 25.
Rc8+ Kg7 26. Rc7 Rxb3 27. Rxa7 Nd5 28. h4 Nc3 29. Bc6 Ra3 30. Be8 Kf8 31. Bxf7 Rxa4 32. Rb7 g5 33. hxg5 hxg5 34. Bxe6 b5 35. Kg2 Rb4 36.
Rf7+ Ke8 37. Rf5 Rb2 38. Kh3 b4 39. Kg4 Ne4 40. f3 Nf2+ 41. Kxg5 Rb1 42. Rb5 Nd3 43.
Kf6 Kd8 44. Rd5+ Kc7 45. Rxd3 Rf1 46. f4 Rf3 47. Rb3 Rxg3 48. Rxb4 Kd6 49. Rd4+ Kc7 50. Re4 Kd8 51. f5 Ke8 52. Rc4 Kd8 53. Rc8# 1-0

[Event "*** Titled Tuesday Blitz"]
[Site "Chess.com"]
[Date "2021.04.20"]
[Round "4"]
[White "Cambek64"]
[Black "poneis_malditos"]
[Result "1-0"]
[WhiteElo "2482"]
[BlackElo "2268"]
[TimeControl "180+1"]
[EndTime "10:38:37 PDT"]
[Termination "Cambek64 won by resignation"]

1. e4 c5 2. Nc3 e6 3. d3 Nc6 4. f4 g6 5. Nf3 Bg7 6. g3 d6 7. Bg2 Nge7 8. O-O O-O 9. Ne2 Rb8 10.
g4 f5 11. gxf5 gxf5 12. Ng3 Rf6 13. Nh5 Rg6 14. Nxg7 Kxg7 15. b3 Qg8 16. Bb2+ Kf8 17. Rf2 Ke8 18. Qd2 e5 19. exf5 Bxf5 20. fxe5 Bh3 21.
exd6 Nf5 22. Re1+ Kd8 23. Kh1 Bxg2+ 24. Rxg2 Rxg2 25. Qxg2 Qxg2+ 26. Kxg2 Kd7 27. Ne5+ Kxd6 28. Nxc6 Kxc6 29. Re6+ Kd7 30. Re5 Rg8+ 31. Kf2 Nh4 32. Rxc5 Rg2+ 33. Ke3 Rxh2 34. Be5 Rh3+ 35. Ke4 Ng6 36.
d4 Nxe5 37. dxe5 Rh1 38. Rd5+ Ke7 39. Rd2 h5 40. Rg2 h4 41. Rg7+ Kf8 42. Rxb7 h3 43.
Kf3 Kg8 44. Kg3 h2 45. Kg2 Rc1 46. Kxh2 Rxc2+ 47. Kg3 Rxa2 48. Kf4 Kf8 49. Kf5 Ra6 50. b4 Rb6 51. Rxb6 axb6 52. Ke6 Ke8 53. b5 Kd8 54. Kd6 Kc8 55. Kc6 1-0

[Event "*** Titled Tuesday Blitz"]
[Site "Chess.com"]
[Date "2021.04.20"]
[Round "4"]
[White "muchojogo"]
[Black "chessbia"]
[Result "1/2-1/2"]
[WhiteElo "2461"]
[BlackElo "2327"]
[TimeControl "180+1"]
[EndTime "10:38:37 PDT"]
[Termination "Game drawn by repetition"]

1. d4 d5 2. Bf4 c5 3. e3 Nc6 4. c3 Nf6 5. Nd2 Qb6 6. Qb3 c4 7. Qc2 Nh5 8. Bg3 Nxg3 9. hxg3 e6 10. Ngf3 h6 11. Be2 Be7 12. e4 a5 13. e5 a4 14. a3 Bd7 15. Nf1 Na5 16. N3d2 Nb3 17. Rb1 O-O-O 18. Ne3 Kb8 19. f4 Rdg8 20. f5 Bg5 21.
Kf2 f6 22. Nf3 Bxe3+ 23. Kxe3 exf5 24. Rbf1 Re8 25. e6 Rxe6+ 26. Kf2 Rhe8 27. Re1 Re4 28. Bd1 Qd6 29. Qb1 f4 30. gxf4 Rxe1 31. Rxe1 Rxe1 32.
Kxe1 Qxf4 33. Bxb3 axb3 34. Kf2 Bf5 35. Qh1 Qe4 36.
Ne1 Bg4 37. Qh2+ Ka7 38. Qc7 Qe2+ 39. Kg3 Qxe1+ 40. Kxg4 Qe6+ 41. Kg3 h5 42. Qxg7 Qe3+ 43. Kh2 Qf4+ 44. Kh1 Qc1+ 45. Kh2 Qxb2 46. Qe7 Qxc3 47. Qc5+ Ka6 48. Qd6+ Ka7 49. Qc5+ Kb8 50. Qd6+ Ka8 51.
Qd8+ Ka7 52. Qxd5 b2 53. Qc5+ Ka8 54. Qf8+ Ka7 55. Qc5+ Kb8 56. Qd6+ Ka7 57. Qc5+ 1/2-1/2

[Event "*** Titled Tuesday Blitz"]
[Site "Chess.com"]
[Date "2021.04.20"]
[Round "4"]
[White "Legendinunknown"]
[Black "dropstoneDP"]
[Result "1/2-1/2"]
[WhiteElo "2585"]
[BlackElo "2926"]
[TimeControl "180+1"]
[EndTime "10:38:38 PDT"]
[Termination "Game drawn by repetition"]

1. d4 f5 2. g3 Nf6 3. Bg2 g6 4. Nf3 Bg7 5. O-O O-O 6. c4 d6 7. Nc3 c6 8. d5 e5 9. e4 f4 10.
gxf4 exf4 11. Bxf4 Nxe4 12. Bg3 Nxg3 13. hxg3 Bg4 14.
Qd3 Na6 15. Nh2 Bf5 16. Qd2 c5 17. Rae1 Nc7 18. Nf3 Qf6 19. Nh4 Rae8 20. Nxf5 gxf5 21. Rxe8 Rxe8 22. Re1 Rxe1+ 23. Qxe1 f4 24. Ne4 Qe5 25. Qc1 fxg3 26. fxg3 Ne8 27. b3 Nf6 28. Qf4 Qa1+ 29. Kh2 Nxe4 30. Qxe4 Qe5 31. Qg4 h5 32. Qg6 h4 33.
Kh3 hxg3 34. Qxg3 Qf5+ 35. Qg4 Qh7+ 36. Qh4 Qxh4+ 37. Kxh4 Kf7 38. Kg4 Kf6 39. Kf4 Bh6+ 40. Ke4 Kg5 41. Bh3 Bg7 42. Bc8 b6 43. Ba6 Be5 44. a4 Kg4 45. Bc8+ Kg3 46. Kd3 Kf3 47. Kc2 Ke3 48. Bb7 Kd4 49. Bc8 Bf6 50. Bb7 Bg5 51.
Bc8 Bf4 52. Bd7 Ke5 53. Bc8 Kf6 54. Be6 Ke7 55. Bh3 Kd8 56. Bf5 Kc7 57. Be6 Kb7 58. Bh3 Ka6 59. Bc8+ Ka5 60. Bd7 Kb4 61. Bc6 Be5 62. Bd7 Bf4 63. Bc6 Be5 64. Bd7 Bf4 1/2-1/2

[Event "*** Titled Tuesday Blitz"]
[Site "Chess.com"]
[Date "2021.04.20"]
[Round "4"]
[White "frederiksvane"]
[Black "maxip32"]
[Result "1-0"]
[WhiteElo "2743"]
[BlackElo "2535"]
[TimeControl "180+1"]
[EndTime "10:38:44 PDT"]
[Termination "frederiksvane won on time"]

1. e4 c5 2. Nf3 d6 3. Bb5+ Nd7 4. d4 cxd4 5. Qxd4 a6 6. Bxd7+ Bxd7 7. Nc3 Rc8 8. O-O e5 9. Qd3 h6 10. Rd1 Nf6 11.
Nd2 Qc7 12. Nf1 Be7 13. Ne3 Bc6 14. Nf5 Rg8 15. a4 Rd8 16. Qc4 Rc8 17. Qd3 Rd8 18. Qc4 Rc8 19. f3 Qd7 20. Qb3 Qe6 21. Nxd6+ Bxd6 22. Qxe6+ fxe6 23. Rxd6 Ke7 24. Rd1 g5 25. Be3 g4 26.
Kf2 h5 27. Bc5+ Kf7 28. Bd6 Nd7 29. Rd3 h4 30. fxg4 Rxg4 31. Rf3+ Kg7 32. h3 Rg6 33. Be7 Nf6 34. Bxf6+ Rxf6 35. Rxf6 Kxf6 36. Rd1 Rg8 37.
Rd3 Ke7 38. g3 b5 39. axb5 axb5 40. b4 Rh8 41. gxh4 Rxh4 42. Kg3 Rf4 43. Rf3 Rxf3+ 44.
Kxf3 Kf6 45. h4 Kg6 46. Kg4 Be8 47. Nd1 Kh6 48. Nf2 Bh5+ 49. Kg3 Be2 50. c3 Kh5 51.
Nh3 Bd1 52. Ng5 Bg4 53. Nf7 1-0

[Event "*** Titled Tuesday Blitz"]
[Site "Chess.com"]
[Date "2021.04.20"]
[Round "4"]
[White "731291"]
[Black "JAAC2002"]
[Result "1/2-1/2"]
[WhiteElo "2684"]
[BlackElo "2509"]
[TimeControl "180+1"]
[EndTime "10:38:44 PDT"]
[Termination "Game drawn by repetition"]

1. e4 e6 2. d4 d5 3. Bd3 c5 4. exd5 exd5 5. Nf3 Nf6 6. O-O Be7 7. dxc5 O-O 8. Bg5 Bxc5 9. Nc3 Be6 10. Ne2 h6 11. Bh4 Nc6 12. Nf4 Bd6 13. Nxe6 fxe6 14. c4 Qc7 15. cxd5 exd5 16. Bg3 Rae8 17. Rc1 Bxg3 18.
hxg3 Ne4 19. Qb3 Qd7 20. Rcd1 Nc5 21. Qc2 Nxd3 22. Qxd3 Ne5 23. Nxe5 Rxe5 24. Rfe1 Rxe1+ 25. Rxe1 d4 26. Re4 Rd8 27. f3 Qd5 28. b3 Qc5 29. Kh2 b5 30. Rg4 Qc3 31. Qg6 d3 32. Qxh6 d2 33. Qe6+ Kf8 34. Rf4+ Qf6 35. Rxf6+ gxf6 36. Qxf6+ Ke8 37. Qe6+ Kf8 38. Qf5+ Ke8 39. Qxb5+ Kf8 40. Qc5+ Ke8 41. Qe3+ Kf8 42. Qf4+ Ke8 43. Qe5+ Kf8 44. Qh8+ Ke7 45. Qh4+ Ke8 46. Qh5+ Ke7 47. Qe5+ Kf8 48. Qf5+ Ke8 49. Qe4+ Kf8 50. Qb4+ Ke8 51. Qb5+ Kf8 52. Qc5+ Ke8 53. Qe5+ Kf8 1/2-1/2

[Event "*** Titled Tuesday Blitz"]
[Site "Chess.com"]
[Date "2021.04.20"]
[Round "4"]
[White "Beca95"]
[Black "blitzking1729"]
[Result "1-0"]
[WhiteElo "2840"]
[BlackElo "2642"]
[TimeControl "180+1"]
[EndTime "10:38:45 PDT"]
[Termination "Beca95 won by resignation"]

1. d4 d5 2. c4 e6 3. Nf3 c5 4.
e3 Nf6 5. cxd5 exd5 6. Bb5+ Nc6 7. Nc3 Bd6 8. dxc5 Bxc5 9. O-O O-O 10. b3 Bg4 11. Bxc6 bxc6 12. Ne2 Re8 13. Bb2 Bd6 14. Rc1 Rc8 15. h3 Bh5 16. Ned4 Qd7 17. Qd3 Ne4 18. Nd2 c5 19. N4f3 Nxd2 20. Nxd2 Bg6 21. Qa6 Re6 22. Qa5 Bc7 23. Qa3 Qd6 24. Nf3 Bb8 25. b4 c4 26. Qc3 f6 27. Rfd1 Be4 28.
Kf1 Ree8 29. b5 Qd7 30. a4 Bxf3 31. gxf3 Qxh3+ 32. Ke2 Be5 33. Qc2 c3 34. Ba3 Qe6 35.
Qb3 Rc4 36. Rd3 Rec8 37. Rc2 d4 38. f4 Bxf4 39. Rxd4 Be5 40. Rxc4 Rxc4 41. Ke1 Qf7 42. f4 Bb8 43. Rxc3 Rxc3 44. Qxc3 Qe8 45. Qc4+ Kh8 46.
Kf2 h5 47. Qd5 h4 48. Bc5 Bc7 49. f5 h3 50. Qc6 h2 51. Qxe8+ Kh7 52. Qh5+ Kg8 53.
Kg2 Be5 54. Qg6 1-0

[Event "*** Titled Tuesday Blitz"]
[Site "Chess.com"]
[Date "2021.04.20"]
[Round "4"]
[White "NicoChasin"]
[Black "profofchess"]
[Result "1-0"]
[WhiteElo "2688"]
[BlackElo "2499"]
[TimeControl "180+1"]
[EndTime "10:38:46 PDT"]
[Termination "NicoChasin won by resignation"]

1. d4 Nf6 2. c4 e6 3. Nf3 c5 4. d5 exd5 5. cxd5 d6 6. Nc3 g6 7. Bf4 a6 8. a4 Bg7 9. e3 O-O 10. h3 Ne8 11. a5 Nd7 12. Nd2 Ne5 13. Be2 f5 14. O-O g5 15. Bh2 f4 16. exf4 gxf4 17.
Nf3 Bd7 18. Qd2 Nxf3+ 19. Bxf3 Be5 20. Rfe1 Qg5 21. Ne4 Qg7 22. Kh1 Nc7 23. Nxc5 dxc5 24. d6 Ne6 25. Qd5 Bxb2 26. Rab1 Rae8 27. Bg4 Bc6 28.
Qb3 Bd4 29. Rxe6 Rxe6 30. Qxe6+ Kh8 31. d7 h5 32. Bf3 Bxd7 33. Qd5 Bc6 34. Qxh5+ Qh7 35.
Qxh7+ Kxh7 36. Bxc6 bxc6 37. Rb7+ Kh8 38. Rb6 Re8 39.
Bxf4 Bxf2 40. Rxa6 Re4 41. Bd6 Ra4 42. Bc7 c4 43.
Rxc6 Ra1+ 44. Kh2 Ra4 45. a6 Kg7 46. Bg3 Be3 47. Be5+ Kf7 48. h4 Ke7 49. h5 Kd7 50. Rc7+ Ke6 51. Bg3 Kd5 52. Rd7+ Ke4 53. Rd6 Bd4 54.
h6 c3 55. Rxd4+ Rxd4 56. h7 c2 57. h8=Q c1=Q 58. a7 Rd1 59. a8=Q+ Ke3 60. Qh6+ Ke2 61.
Qxc1 Rxc1 62. Qf3+ 1-0

[Event "*** Titled Tuesday Blitz"]
[Site "Chess.com"]
[Date "2021.04.20"]
[Round "4"]
[White "lider34"]
[Black "Artem_Sadovsky"]
[Result "0-1"]
[WhiteElo "2462"]
[BlackElo "2630"]
[TimeControl "180+1"]
[EndTime "10:38:46 PDT"]
[Termination "Artem_Sadovsky won on time"]

1. e4 g6 2. d4 Bg7 3. Nc3 c6 4.
h3 d5 5. Nf3 dxe4 6. Nxe4 Nd7 7. Bd3 Ngf6 8. Nxf6+ Nxf6 9. O-O O-O 10. c3 Qc7 11. Re1 c5 12. dxc5 Qxc5 13. Be3 Qc7 14. Bd4 b6 15. Qe2 Re8 16. Be5 Qc5 17.
b4 Qd5 18. Bxf6 Bxf6 19. Be4 Qh5 20. Bxa8 Bxh3 21. Ne5 Qg5 22. Bd5 e6 23. Bf3 Bf5 24.
Qe3 Qh4 25. g3 Qh3 26. Bg2 Qh5 27. f3 Bc2 28. Rac1 Ba4 29. f4 Bg7 30. Re2 Qf5 31.
Qe4 Qf6 32. c4 h5 33. b5 h4 34. g4 Bf8 35. g5 Bc5+ 36. Kh1 Qd8 37. Ng4 Kg7 38. Qe5+ Kf8 39. Qh8+ Ke7 40. Qf6+ Kf8 41.
Ne5 Qxf6 42. gxf6 Rd8 43. Bf3 Ba3 44. Kg2 Bxc1 45. Nc6 Rc8 46. f5 gxf5 47. Kh3 Bd1 48. Rf2 Bxf3 49. Rxf3 Bg5 50. Rf1 Bxf6 51. Rd1 a5 0-1

[Event "*** Titled Tuesday Blitz"]
[Site "Chess.com"]
[Date "2021.04.20"]
[Round "4"]
[White "DKmirl"]
[Black "supertfc"]
[Result "0-1"]
[WhiteElo "1882"]
[BlackElo "2367"]
[TimeControl "180+1"]
[EndTime "10:38:46 PDT"]
[Termination "supertfc won by checkmate"]

1. d4 Nf6 2. c4 g6 3. Nf3 Bg7 4. g3 O-O 5. Bg2 d6 6. O-O Nc6 7. Nc3 a6 8. e4 Bg4 9. h3 Bxf3 10. Bxf3 e5 11. d5 Nd4 12. Bg2 c5 13. Ne2 b5 14.
Nxd4 exd4 15. Qd3 Nd7 16. Bf4 bxc4 17. Qxc4 Qb6 18. Rab1 Ne5 19. Bxe5 Bxe5 20. f4 Bg7 21.
Rfe1 Qb5 22. b3 Qa5 23. Re2 Rfe8 24. Rbe1 Qc3 25. Qxc3 dxc3 26. e5 Rad8 27. Rc1 dxe5 28. fxe5 Rxe5 29. Rxe5 Bxe5 30. g4 f6 31. Kf2 Kf8 32.
Ke2 Ke7 33. Kd3 Kd6 34. Rf1 a5 35. Re1 Rh8 36. Re4 h5 37. Ra4 hxg4 38. Rxg4 g5 39. Ra4 Ra8 40. a3 Rb8 41. Kc2 Ra8 42. b4 cxb4 43. axb4 Rb8 44. bxa5 Rb2+ 45. Kd3 Rxg2 46. a6 Rg3+ 47. Kc2 Rg2+ 48. Kc1 Rg1+ 49. Kc2 Rg2+ 50. Kc1 Bf4+ 51. Rxf4 gxf4 52. Kb1 f3 53. a7 f2 54. a8=Q f1=Q# 0-1

[Event "*** Titled Tuesday Blitz"]
[Site "Chess.com"]
[Date "2021.04.20"]
[Round "4"]
[White "freshfoodcompany"]
[Black "MikeSailer"]
[Result "0-1"]
[WhiteElo "2365"]
[BlackElo "2177"]
[TimeControl "180+1"]
[EndTime "10:38:47 PDT"]
[Termination "MikeSailer won by resignation"]

1. d4 d5 2. c4 Bf5 3. cxd5 Bxb1 4. Qa4+ c6 5. Rxb1 Qxd5 6. Nf3 Nf6 7. e3 Nbd7 8. Bc4 Qf5 9. Nd2 Ne4 10. Nxe4 Qxe4 11. Qb3 Qxb1 12. Bxf7+ Kd8 13. O-O Qf5 14. Be6 Qb5 15.
Qc2 g6 16. a4 Qh5 17. d5 Rc8 18. Qc3 Qe5 19. Qxe5 Nxe5 20. Bxc8 Kxc8 21. dxc6 Nxc6 22. b3 Bg7 23. Rd1 Rd8 24. Rxd8+ Kxd8 25. Bd2 a5 26. Kf1 Kc7 27. Ke2 Kd6 28. Kd3 Kc5 29. Ke4 Bf6 30.
f4 b6 31. g4 e6 32. f5 exf5+ 33. gxf5 g5 34. Be1 Be5 35. h3 h5 36. f6 Bxf6 37.
Kf5 Be7 38. Bc3 Kd5 39. e4+ Kd6 40. Be5+ Nxe5 41. h4 gxh4 42. Kf4 Ke6 43. Ke3 Ng6 44. Kf3 Bf6 45. Kg2 Ke5 46. Kh1 Kxe4 47. Kh2 Kd4 48. Kh1 Kc3 49. Kh2 Kxb3 50. Kg2 Kxa4 51. Kh3 Kb3 52. Kg2 a4 53. Kf3 a3 54. Kg2 a2 55.
Kh2 h3 56. Kxh3 a1=Q 57. Kh2 Qb2+ 0-1

[Event "*** Titled Tuesday Blitz"]
[Site "Chess.com"]
[Date "2021.04.20"]
[Round "4"]
[White "FMOlexandrProhorov"]
[Black "Rozhkov_V"]
[Result "0-1"]
[WhiteElo "2242"]
[BlackElo "2430"]
[TimeControl "180+1"]
[EndTime "10:38:49 PDT"]
[Termination "Rozhkov_V won by resignation"]

1. e4 c5 2. c3 Nf6 3. e5 Nd5 4.
g3 d6 5. exd6 e6 6. Bg2 Bxd6 7.
Ne2 O-O 8. O-O Nc6 9. d4 cxd4 10. Nxd4 Nxd4 11. Qxd4 Be7 12. Rd1 Bf6 13. Qc5 b6 14. Qc6 Bd7 15. Qd6 Ba4 16. Qxd8 Raxd8 17. Re1 Bc2 18.
Nd2 Nxc3 19. a4 Nxa4 20. Ra3 Nxb2 21. Ne4 Nd3 22. Nxf6+ gxf6 23. Rf1 Nxc1 24. Rxc1 Rc8 25. Rxa7 Rfd8 26. h4 Rd6 27. Bf3 Kg7 28. Bh5 Kh6 29.
Bxf7 Rdc6 30. Re1 Bf5 31. Kh2 Rc2 32. Kg1 Rd2 33. Ra3 Rcc2 34. Rf1 Kg7 35. Be8 Bh3 36. Bb5 Bxf1 37. Bxf1 Rxf2 38. Re3 e5 39. h5 Rb2 40.
Rc3 Kh6 41. g4 Kg5 42. Rc7 Kxg4 43. Rxh7 e4 44. Rg7+ Kxh5 45. Rh7+ Kg6 46. Rf7 e3 47. Rc7 Rf3 48. Rc6 Rg3+ 49. Kh1 Rb1 50. Kh2 Rxf1 51. Kxg3 e2 52. Re6 e1=Q+ 53. Rxe1 Rxe1 54. Kf4 Re5 55. Kf3 b5 56. Kf2 b4 57. Kf3 b3 0-1

[Event "*** Titled Tuesday Blitz"]
[Site "Chess.com"]
[Date "2021.04.20"]
[Round "4"]
[White "beautroll"]
[Black "IngOscarArdila"]
[Result "1-0"]
[WhiteElo "2461"]
[BlackElo "2301"]
[TimeControl "180+1"]
[EndTime "10:38:51 PDT"]
[Termination "beautroll won on time"]

1. e4 e5 2. Nf3 Nc6 3. Bb5 a6 4. Ba4 Nf6 5. O-O Be7 6. Re1 b5 7. Bb3 O-O 8. a4 Rb8 9. c3 d6 10. h3 Na5 11. Bc2 c5 12. d4 Qc7 13. Nbd2 cxd4 14.
cxd4 Nc4 15. b3 Nxd2 16. Bxd2 Bb7 17. d5 Rbc8 18. Bd3 Qb8 19. Qe2 bxa4 20. Rxa4 Nd7 21. Be3 Nc5 22. Bxc5 Rxc5 23. Bc4 Bd8 24. Rb1 a5 25. b4 axb4 26. Raxb4 Rc7 27. Ba6 Bxa6 28. Qxa6 Rc1+ 29. Kh2 Rxb1 30. Rxb8 Rxb8 31. Qxd6 Bf6 32. g4 Rfd8 33. Qc7 Rbc8 34. Qa5 h6 35. h4 Rc2 36.
g5 hxg5 37. hxg5 Be7 38. Kg3 Rdc8 39. Qa7 Bc5 40. Qd7 Bxf2+ 41. Kg4 Bg3 42. Kxg3 g6 43. Nxe5 R8c3+ 44. Nf3 Rc7 45. Qe8+ Kg7 46. d6 R7c3 47.
Qe5+ Kg8 48. d7 Rd3 49. Qe8+ Kg7 50. d8=Q 1-0

[Event "*** Titled Tuesday Blitz"]
[Site "Chess.com"]
[Date "2021.04.20"]
[Round "4"]
[White "Igor_Lysyj"]
[Black "klimkoj"]
[Result "1/2-1/2"]
[WhiteElo "2770"]
[BlackElo "2622"]
[TimeControl "180+1"]
[EndTime "10:38:52 PDT"]
[Termination "Game drawn - insufficient material"]

1. d4 Nf6 2. c4 e6 3. Nf3 Bb4+ 4.
Bd2 Qe7 5. g3 Bxd2+ 6. Qxd2 Nc6 7.
e3 O-O 8. Bg2 e5 9. dxe5 Nxe5 10. Nxe5 Qxe5 11. Nc3 d6 12. Nd5 c6 13. Nc3 Be6 14. Qd3 Nd7 15. O-O Nc5 16. Qe2 f5 17.
Rad1 Ne4 18. Nb1 Rad8 19. f4 Qc5 20. Bxe4 fxe4 21. Rd4 h5 22. Nc3 Bg4 23. Qd2 h4 24. Nxe4 Qh5 25. Qf2 hxg3 26. Qxg3 Rde8 27. Ng5 Rf6 28.
h3 Bf5 29. Rf2 Rg6 30. Kh2 c5 31. Rdd2 Be6 32. Rxd6 Bxc4 33. Rxg6 Qxg6 34. f5 Qf6 35. e4 Bxa2 36. Qh4 Bf7 37. Qh7+ Kf8 38. Qh4 Qe5+ 39. Kg2 Bg8 40. Rd2 c4 41. Qg3 Qxg3+ 42. Kxg3 Ke7 43. Kf4 Rd8 44. Rxd8 Kxd8 45. e5 b5 46. Ke4 a5 47. Kd4 b4 48. e6 Ke7 49.
Ne4 g6 50. fxg6 Bxe6 51. Nc5 Bg8 52. h4 c3 53. bxc3 bxc3 54. Kxc3 Kf6 55. h5 Kg5 56. Ne4+ Kxh5 57. Nf6+ Kxg6 58. Nxg8 a4 59. Kb4 a3 60. Kxa3 1/2-1/2

[Event "*** Titled Tuesday Blitz"]
[Site "Chess.com"]
[Date "2021.04.20"]
[Round "4"]
[White "InvisibleWarrior2252"]
[Black "QuintilianoR"]
[Result "1/2-1/2"]
[WhiteElo "2513"]
[BlackElo "2696"]
[TimeControl "180+1"]
[EndTime "10:38:53 PDT"]
[Termination "Game drawn - insufficient material"]

1. e4 c5 2. Nf3 d6 3. d4 cxd4 4. Nxd4 Nf6 5. Nc3 g6 6. h3 Bg7 7.
g4 Nc6 8. Be3 O-O 9. Bg2 Bd7 10.
Qd2 Rc8 11. Rc1 Nxd4 12. Bxd4 b5 13. a3 a5 14. O-O Bc6 15. Qe3 Qd7 16. Rfd1 Qb7 17.
Nd5 Bxd5 18. exd5 Rfe8 19. c3 Nd7 20. f4 b4 21. Bxg7 Kxg7 22. axb4 axb4 23. Qd4+ Kg8 24. cxb4 Rxc1 25. Rxc1 Ra8 26. h4 Ra4 27. Rc4 Nf6 28. Bf3 h6 29. g5 hxg5 30. hxg5 Nd7 31. Kg2 Ra8 32. Rc1 Rb8 33. Rh1 f6 34. Qe4 Nf8 35. f5 Qxb4 36. Qxe7 Qxb2+ 37. Kg3 fxg5 38. f6 Qe5+ 39.
Qxe5 dxe5 40. d6 Kf7 41. Rf1 Rb3 42. Kg4 Ke6 43. Kxg5 Kxd6 44. Bg4 Rb7 45. Rd1+ Kc5 46. Re1 Nh7+ 47. Kxg6 Nxf6 48. Kxf6 Rb6+ 49. Kf5 Rb8 50. Rxe5+ Kd4 51. Re4+ Kd3 52. Rf4 Rf8+ 53. Kg5 Rxf4 54.
Kxf4 1/2-1/2

[Event "*** Titled Tuesday Blitz"]
[Site "Chess.com"]
[Date "2021.04.20"]
[Round "4"]
[White "rachidhuilda"]
[Black "alejogarcia1999"]
[Result "0-1"]
[WhiteElo "2294"]
[BlackElo "2460"]
[TimeControl "180+1"]
[EndTime "10:38:56 PDT"]
[Termination "alejogarcia1999 won on time"]

1. d4 Nf6 2. Bg5 g6 3. Bxf6 exf6 4. e3 Bg7 5. g3 f5 6. Bg2 a5 7. Ne2 O-O 8. O-O d6 9. Nd2 Nd7 10. a4 Nf6 11. c3 Bd7 12. Qc2 c6 13. b4 h5 14. Nc4 axb4 15. Nxd6 Qc7 16. Nc4 Nd5 17. cxb4 Nxb4 18. Qb3 Nd5 19. Bxd5 cxd5 20. Nb6 Ra7 21. Nxd5 Qd6 22. Ndc3 Rfa8 23. Rfb1 h4 24. Qb4 Qc6 25.
a5 Qf3 26. gxh4 Bc6 27. d5 Bxd5 28. Nxd5 Bxa1 29. Ne7+ Kh7 30. Rxa1 Qxe2 31. Qb3 Qg4+ 32. Kf1 Kg7 33. Qc3+ Kf8 34. Qc5 Qh3+ 35. Kg1 Qg4+ 36. Kf1 Kg7 37. Qe5+ f6 38. Qc7 Qh3+ 39. Kg1 Kh6 40. Qf4+ Kh5 41. Nd5 Qg4+ 42. Qxg4+ Kxg4 43. Nxf6+ Kxh4 44. Ra4+ Kg5 45. Nh7+ Kh6 46. Nf6 Rxa5 47. Rd4 Ra1+ 48. Kg2 Kg7 49. Nd5 b5 50. Nf4 Rb8 51.
Rd7+ Kh6 52. Rd6 b4 53. Rxg6+ Kh7 54. Rc6 b3 55. Nd3 b2 0-1

[Event "*** Titled Tuesday Blitz"]
[Site "Chess.com"]
[Date "2021.04.20"]
[Round "4"]
[White "leopato"]
[Black "tgpgoat"]
[Result "1-0"]
[WhiteElo "2126"]
[BlackElo "2263"]
[TimeControl "180+1"]
[EndTime "10:38:57 PDT"]
[Termination "leopato won by checkmate"]

1. e4 c5 2. Nf3 Nc6 3. d4 cxd4 4.
Nxd4 e6 5. Nb5 d6 6. Bf4 e5 7.
Be3 a6 8. N5c3 Nf6 9. Bg5 Be7 10.
Bxf6 Bxf6 11. Nd5 Bg5 12. Nbc3 b5 13. Be2 O-O 14. Bg4 Nd4 15. Bxc8 Rxc8 16. a3 Kh8 17. h4 Bxh4 18. Qh5 Qg5 19. Qxg5 Bxg5 20. O-O Nxc2 21. Rad1 Nd4 22. f4 exf4 23. Rxd4 Bd8 24. Rd3 g5 25. g3 f5 26. gxf4 fxe4 27. Nxe4 gxf4 28. Nxf4 Bb6+ 29. Kg2 Rc2+ 30. Kf3 Rxb2 31. Rxd6 Bc7 32. Rh1 Bxd6 33. Nxd6 Kg7 34. Ke4 Rb8 35. Ne6+ Kf6 36.
Rh6+ Ke7 37. Nf5+ Kd7 38. Nc5+ Kc7 39. Nxa6+ Kb7 40. Nxb8 Kxb8 41. Rxh7 Rb3 42. Nd6 Rxa3 43.
Kd5 b4 44. Kc6 Ra6+ 45. Kc5 b3 46. Rb7+ Ka8 47. Rxb3 Ra5+ 48. Kb6 Ra7 49. Rh3 Rd7 50. Rh8+ Rd8 51. Rxd8# 1-0

[Event "*** Titled Tuesday Blitz"]
[Site "Chess.com"]
[Date "2021.04.20"]
[Round "4"]
[White "ChristopherYoo"]
[Black "Supernotar"]
[Result "0-1"]
[WhiteElo "2873"]
[BlackElo "2676"]
[TimeControl "180+1"]
[EndTime "10:38:59 PDT"]
[Termination "Supernotar won by resignation"]

1. e4 c6 2. d4 d5 3. exd5 cxd5 4. c4 Nf6 5. Nc3 e6 6. Nf3 Be7 7. cxd5 Nxd5 8. Bd3 Nc6 9. O-O O-O 10. Nxd5 Qxd5 11. a3 b6 12. Qc2 Bb7 13. Bxh7+ Kh8 14. Be4 Nxd4 15. Bxd5 Nxc2 16. Bxb7 Rab8 17. Bf4 Nxa1 18.
Bxb8 Rxb8 19. Ba6 Nb3 20. Ne5 Kg8 21. Nc6 Re8 22. Bb5 Kf8 23. Nxa7 Rd8 24. Nc6 Rd2 25.
Nxe7 Kxe7 26. Rb1 f5 27. Bc4 Nd4 28. Kf1 Rc2 29. Bd3 Rd2 30. Bc4 Rc2 31. Ba6 b5 32. b3 Ra2 33. Rd1 Rxa3 34. Rxd4 Rxa6 35. h4 Rd6 36. Rb4 Rd5 37. Ke2 e5 38. g4 g6 39.
gxf5 gxf5 40. h5 Kf6 41. h6 Kg6 42. Rh4 Rd7 43. Ke3 Rh7 44. Rb4 Rxh6 45. Rxb5 Rh3+ 46.
Ke2 e4 47. Rb8 Kg5 48. b4 Kf4 49. Rc8 Rb3 50. Rc4 Rb2+ 51. Ke1 Kf3 52. Rc3+ Kg4 53. Rc4 Kf4 54. Kf1 Kf3 55. Rc3+ Kg4 56. Rc4 Kg5 57. Rd4 Kf6 58. Rc4 Ke5 59. Rc5+ Kf4 60. Rc4 Ra2 61. Kg2 Ra7 62. Kf1 Ra2 63. Kg2 Ra6 64.
Kf1 Rb6 65. Ke2 Rb5 66. Kf1 Ke5 67. Rc5+ Rxc5 68. bxc5 Kd5 69. Ke2 f4 70. Kd2 Kxc5 71.
Ke2 Kc4 72. Kd2 Kd4 73. Ke2 Kc3 74. Ke1 f3 75. Kd1 Kd3 76. Ke1 Kc2 77. Kf1 Kd2 78. Kg1 Ke2 0-1